 Dungeon Crawl Stone Soup version 0.30.0-20-g3615ddf2f0 (webtiles) character file.

Game seed: 6333251554518880435

160 qw the Chopper (level 5, -1/32 HPs)
             Began as a Gargoyle Fighter on May 29, 2023.
             Slain by a hornet (6 damage)
             ... on level 4 of the Dungeon.
             The game lasted 00:01:07 (2247 turns).

qw the Chopper (Gargoyle Fighter)                   Turns: 2247, Time: 00:01:07

Health: -1/32      AC: 14    Str: 22    XL:     5   Next: 41%
Magic:  5/5        EV:  9    Int:  8    God:
Gold:   138        SH:  4    Dex:  9    Spells: 4/4 levels left

rFire   . . .        Y - +0 war axe
rCold   . . .        c - +0 buckler
rNeg    + . .        b - +0 scale mail
rPois   inf          (no helmet)
rElec   +            (no cloak)
rCorr   .            (no gloves)
SInv    .            (no boots)
Will    .....        (no amulet) Stlth
                     a - +4 ring of protection
HPRegen 0.25/turn    (no ring)
MPRegen 0.09/turn

%: no passive effects
@: about to teleport
A: sickness immunity, AC +4, negative energy resistance 1, electricity
resistance, torment resistance 1, petrification resistance
a: no special abilities


You were on level 4 of the Dungeon.
You visited 1 branch of the dungeon, and saw 4 of its levels.

You collected 281 gold pieces.
You spent 143 gold pieces at shops.


Innate Abilities, Weirdness & Mutations

You are immune to sickness and miasma.
Your stone body is resilient. (AC +4)
You are immune to poison.
You resist negative energy. (rN+)
You are resistant to electric shocks. (rElec)
You are resistant to unholy torment.
You are immune to petrification.


   Skills:
 + Level 3.3 Fighting
 - Level 5.0 Axes
 - Level 3.2 Armour
 - Level 3.2 Shields


You had 4 spell levels left.
You didn't know any spells.
Your spell library was empty.

Inventory:

Hand Weapons
 h - a +0 mace
 Y - a +0 war axe (weapon)
Armour
 b - a +0 scale mail (worn)
 c - a +0 buckler (worn)
Jewellery
 a - a +4 ring of protection (left hand)
Scrolls
 k - 3 scrolls of teleportation
 l - a scroll of identify
Potions
 d - a potion of might
 e - 2 potions of curing
 g - a potion of mutation
 i - a potion of lignification {unknown}
 j - a potion of degeneration {unknown}
 n - a potion of cancellation {unknown}

Dungeon Overview and Level Annotations

Branches:
Dungeon (4/15)
 Temple: D:4-7

Altars:
Hepliaklqana

Shops:
D:2 ?


Message History

Enter note:
There is an open door here.
Found 3 stones.
Enter note:
Enter note:
k - 4 scrolls of teleportation (gained 1)
Found a stone staircase leading up.
Enter note:
Enter note:
Enter note: A hornet comes into view.
The hornet buzzes angrily.
Enter note:
Enter note:
Enter note: You closely miss the hornet.
The hornet stings you but does no damage.
The hornet closely misses you.
You hit the hornet.
The hornet is lightly wounded.
The hornet stings you but does no damage.
The hornet barely misses you.
You barely miss the hornet.
The hornet stings you but does no damage.
The hornet stings you!
You slash the hornet!
The hornet is moderately wounded.
The hornet stings you! The hornet closely misses you.
You barely miss the hornet.
The hornet is moderately wounded.
The hornet stings you!
2246 ||| READING 4 scrolls of teleportation.
As you read the scroll of teleportation, it crumbles to dust.
You feel strangely unstable. The hornet barely misses you.
The hornet stings you but does no damage.
You slash the hornet!
The hornet is heavily wounded.
The hornet stings you.
You die...

..... <..# .... ....
... #... ...###..#
####... .#......#
#...... .#.##... .. #
#......##.#.##..# ..
..# ..........#.##..##.
..#
.$....y@.##.##..#.###.#
...............#.....##
###+##.##.####.#......#
#. #.#....#.....# ..
#.#####......# ... #+#
##.....# ....
######.#... .....
+.....## .. #.#.#+#####


You could see a hornet.

Vanquished Creatures
  Jessica (D:3)
  An iguana (D:4)
  5 adders
  A worm (D:2)
  A dart slug (D:1)
  5 ball pythons
  5 bats
  11 endoplasms
  2 giant cockroaches
  7 goblins
  2 hobgoblins (D:2)
  3 quokkas (D:1)
  A frilled lizard (D:1)
  4 kobolds
  6 rats
55 creatures vanquished.

Notes
Turn   | Place    | Note
-------+----------+-------------------------------------------
     0 | D:1      | qw the Gargoyle Fighter began the quest for the Orb.
     0 | D:1      | Reached XP level 1. HP: 14/14 MP: 1/1
     0 | D:1      | 0 ||| qw: Version: 0.2-a-102-gbcf14f9
     0 | D:1      | 0 ||| qw: Game counter: 377
     0 | D:1      | 0 ||| qw: Always use a shield: true
     0 | D:1      | 0 ||| qw: God list: Okawaru
     0 | D:1      | 0 ||| qw: Allow faded altars: false
     0 | D:1      | 0 ||| qw: Do Orc after D:15 true
     0 | D:1      | 0 ||| qw: Do second Lair branch before Depths: true
     0 | D:1      | 0 ||| qw: Lair rune preference: random
     0 | D:1      | 0 ||| qw: Plans: Normal, Zot:1-4, Slime:5, God:TSO, Crypt,
                  | Tomb, Pan, Hells, Abyss, Win
     0 | D:1      | 0 ||| PLANNING D:1-11
    56 | D:1      | Reached skill level 2 in Axes
    77 | D:1      | Reached XP level 2. HP: 19/19 MP: 2/2
   214 | D:1      | 214 ||| DROPPING +0 club.
   219 | D:1      | 219 ||| Stepping ~*~*~tactically~*~*~ (stealth).
   220 | D:1      | 220 ||| Stepping ~*~*~tactically~*~*~ (stealth).
   228 | D:1      | 228 ||| Stepping ~*~*~tactically~*~*~ (stealth).
   237 | D:1      | Reached skill level 3 in Axes
   361 | D:1      | Reached XP level 3. HP: 23/23 MP: 3/3
   454 | D:1      | 454 ||| Stepping ~*~*~tactically~*~*~ (stealth).
   510 | D:1      | 510 ||| Stepping ~*~*~tactically~*~*~ (stealth).
   742 | D:1      | 742 ||| READING scroll labelled PIMURY PIPIDE.
   833 | D:2      | Reached XP level 4. HP: 25/28 MP: 4/4
   883 | D:2      | 883 ||| Stepping ~*~*~tactically~*~*~ (stealth).
   884 | D:2      | 884 ||| Stepping ~*~*~tactically~*~*~ (stealth).
   896 | D:2      | 896 ||| Stepping ~*~*~tactically~*~*~ (hiding).
  1010 | D:2      | Found Zoptihyc's Magic Scroll Emporium.
  1019 | D:2      | 1019 ||| BUYING 3 scrolls of teleportation (99 gold).
  1019 | D:2      | Bought 3 scrolls of teleportation for 99 gold pieces
  1019 | D:2      | 1019 ||| BUYING scroll of identify (22 gold).
  1019 | D:2      | Bought a scroll of identify for 22 gold pieces
  1019 | D:2      | 1019 ||| BUYING scroll of identify (22 gold).
  1019 | D:2      | Bought a scroll of identify for 22 gold pieces
  1197 | D:2      | Reached skill level 4 in Axes
  1367 | D:2      | 1367 ||| UPGRADING to +4 ring of protection.
  1368 | D:2      | 1368 ||| READING scroll labelled JIURPH ZIEMI.
  1469 | D:2      | 1469 ||| READING 2 scrolls of identify.
  1469 | D:2      | 1469 ||| IDENTIFYING lumpy brown potion
  1558 | D:3      | Found a hazy altar of Hepliaklqana.
  1617 | D:3      | 1617 ||| Stepping ~*~*~tactically~*~*~ (stealth).
  1696 | D:3      | Noticed Jessica
  1701 | D:3      | Killed Jessica
  1702 | D:3      | Reached XP level 5. HP: 32/32 MP: 5/5
  1702 | D:3      | 1702 ||| Stepping ~*~*~tactically~*~*~ (stealth).
  1704 | D:3      | 1704 ||| Stepping ~*~*~tactically~*~*~ (stealth).
  1705 | D:3      | 1705 ||| Stepping ~*~*~tactically~*~*~ (stealth).
  2069 | D:3      | 2069 ||| READING scroll labelled FARINLI UFERR.
  2070 | D:3      | 2070 ||| READING scroll labelled LURGHO AXTEOJEN.
  2071 | D:3      | 2071 ||| READING 2 scrolls of identify.
  2071 | D:3      | 2071 ||| IDENTIFYING murky silvery potion
  2140 | D:4      | Reached skill level 5 in Axes
  2144 | D:4      | 2144 ||| Stepping ~*~*~tactically~*~*~ (stealth).
  2150 | D:4      | 2150 ||| Stepping ~*~*~tactically~*~*~ (stealth).
  2237 | D:4      | Noticed a hornet
  2245 | D:4      | HP: 4/32 [hornet (9)]
  2246 | D:4      | 2246 ||| READING 4 scrolls of teleportation.
  2247 | D:4      | Slain by a hornet

Levels and vault maps discovered:
D:1:      erik_arrival_triangle_small, layout_loops_ring, kennysheep_boxes
D:2:      layout_basic, serial_shops, shop
D:3:      layout_loops_cross, amcnicky_altar_gilded, uniq_jessica
D:4:      nicolae_BIG_FREAKIN_CUBE, layout_basic, mainiacjoe_overflow_paths,
          ebering_ghost_rock_garden, uniq_duvessa

Skill      XL: |  1  2  3  4  5 |
---------------+----------------+-----
Axes           | 2 3 4 5 |  5.0
Fighting       | |  3.3
Armour         | |  3.2
Shields        | |  3.2

Action                     |  1- 3 |  4- 6 || total
---------------------------+-------+-------++-------
  Melee: War axe           |    90 |    71 ||   161
    Use: Scroll            |     1 |     6 ||     7
 Armour: Scale mail        |    31 |    35 ||    66
  Dodge: Dodged            |    34 |    23 ||    57
  Block: Buckler           |    17 |    11 ||    28

Table legend:
 A = Non-vault XP
 B = Vault XP
 C = Vault XP percentage of total XP
 D = Non-vault monster count
 E = Vault monster count
 F = Vault count percentage of total count
                 A         B        C        D         E       F
            +---------+---------+-------+---------+---------+-------
      Total |     192 |      37 |  16.2 |      54 |       1 |   1.8
            +---------+---------+-------+---------+---------+-------
        D:1 |      49 |       0 |   0.0 |      27 |       0 |   0.0
        D:2 |      61 |       0 |   0.0 |      13 |       0 |   0.0
        D:3 |      43 |      37 |  46.2 |      12 |       1 |   7.7
        D:4 |      39 |       0 |   0.0 |       2 |       0 |   0.0
            +---------+---------+-------+---------+---------+-------
